 Dungeon Crawl Stone Soup version 0.21.1-1-g345015f (webtiles) character file.

245 teukkam the Skirmisher (level 6, -2/53 HPs)
             Began as a Gnoll Wanderer on Feb 13, 2018.
             Was an Initiate of Wu Jian.
             Slain by a bullfrog zombie (6 damage)
             ... on level 5 of the Dungeon.
             The game lasted 00:12:06 (2761 turns).

teukkam the Skirmisher (Gnoll Wanderer)             Turns: 2761, Time: 00:12:06

Health: -2/53      AC:  2    Str: 14 (15) XL:     6   Next: 10%
Magic:  10/10      EV: 13    Int: 15 (16) God:    Wu Jian [......]
Gold:   186        SH:  0    Dex: 13 (14) Spells: 11/11 levels left

rFire    . . .     SeeInvis .   w - +0 war axe (curse)
rCold    . . .     Gourm    .   (no shield)
rNeg     . . .     Faith    .   c - +0 robe
rPois    .         Spirit   .   (no helmet)
rElec    .         Reflect  .   (no cloak)
rCorr    .         Harm     .   (no gloves)
MR       .....                  (no boots)
Stlth    ++........             (no amulet)
HPRegen  0.17/turn              (no ring)
MPRegen  0.12/turn              (no ring)

@: no status effects
A: distributed training, fangs 1, strong nose
a: Renounce Religion


You were on level 5 of the Dungeon.
You worshipped Wu Jian.
Wu Jian was noncommittal.
You were not hungry.

You visited 1 branch of the dungeon, and saw 5 of its levels.

You collected 186 gold pieces.

Inventory:

Hand Weapons
 a - a +0 dagger of venom
 m - a +2 quarterstaff
 s - a +0 hunting sling
 w - a cursed +0 war axe (weapon)
Missiles
 e - 6 poisoned tomahawks
 f - 5 tomahawks
 l - 7 javelins (quivered)
 t - 80 stones
 v - 6 exploding tomahawks
Armour
 c - a +0 robe (worn)
 u - a +0 pair of boots
Scrolls
 b - 2 scrolls of teleportation
 g - 3 scrolls of enchant weapon {unknown}
 h - 4 scrolls of identify {unknown}
 i - a scroll of fog {unknown}
 j - 2 scrolls of noise {unknown}
 k - a scroll of enchant armour {unknown}
 n - 2 scrolls of remove curse {unknown}
 p - a scroll of immolation {unknown}
 q - 2 scrolls of amnesia {unknown}
 r - a scroll of blinking {unknown}
Potions
 o - a potion of curing {unknown}
Comestibles
 d - 8 rations


   Skills:
 + Level 6.7 Fighting
 + Level 1.7 Short Blades
 + Level 1.7 Long Blades
 + Level 1.7 Axes
 + Level 1.7 Maces & Flails
 + Level 1.7 Polearms
 + Level 3.1 Staves
 + Level 1.7 Slings
 + Level 1.7 Bows
 + Level 1.7 Crossbows
 + Level 3.1 Throwing
 + Level 1.7 Armour
 + Level 3.1 Dodging
 + Level 2.9 Stealth
 + Level 1.7 Shields
 + Level 1.7 Unarmed Combat
 + Level 3.3 Spellcasting
 + Level 1.3 Conjurations
 + Level 1.3 Hexes
 + Level 1.3 Charms
 + Level 1.3 Summonings
 + Level 1.3 Necromancy
 + Level 1.3 Translocations
 + Level 1.3 Transmutations
 + Level 2.5 Fire Magic
 + Level 1.3 Ice Magic
 + Level 1.3 Air Magic
 + Level 1.3 Earth Magic
 + Level 2.5 Poison Magic
 + Level 2.0 Invocations
 + Level 1.7 Evocations


You had 11 spell levels left.
You didn't know any spells.

Dungeon Overview and Level Annotations

Branches:
Dungeon (5/15)
 Temple: D:4-7

Altars:
Trog
Wu Jian
Zin


Innate Abilities, Weirdness & Mutations

Your experience applies equally to all skills.
You have very sharp teeth.
Your uncanny sense of smell can sniff out nearby items.


Message History

* * * LOW HITPOINT WARNING * * *
The bullfrog zombie barely misses you.
You closely miss the bullfrog zombie.
The bullfrog zombie is severely damaged.
The bullfrog zombie barely misses you. The bullfrog zombie hits you!
* * * LOW HITPOINT WARNING * * *
The bullfrog zombie misses you.
You barely miss the bullfrog zombie.
The bullfrog zombie is severely damaged.
The bullfrog zombie closely misses you.
You closely miss the bullfrog zombie.
The bullfrog zombie is severely damaged.
You are no longer corroded.
The bullfrog zombie closely misses you. x2
You closely miss the bullfrog zombie.
The bullfrog zombie is severely damaged.
The bullfrog zombie hits you.
* * * LOW HITPOINT WARNING * * *
The bullfrog zombie hits you.
You die...

### ..# ############ #.#
...........#######.#
######............#
#######>.)...........+
#........Z@..........#####
#..$.....###########.....##
#........# #.......
#........+ +.......
#........# #.....##
#........# #.....#.
######...# #.....#. #####
#.....#. #######.


You could see a bullfrog zombie.

Vanquished Creatures
  A phantom (D:5)
  A jelly (D:5)
  7 adders
  A worm (D:2)
  A leopard gecko (D:3)
  An orc (D:3)
  7 bats
  3 giant cockroaches
  5 goblins
  9 hobgoblins
  2 jackals (D:5)
  8 kobolds
  A ball python (D:4)
  4 frilled lizards
  A quokka skeleton (D:5)
  8 rats
60 creatures vanquished.

Notes
Turn   | Place    | Note
-------+----------+-------------------------------------------
     0 | D:1      | teukkam the Gnoll Wanderer began the quest for the Orb.
     0 | D:1      | teukkam set off with: a +2 quarterstaff, 2 scrolls of teleportation, a +0 robe, a ration
     0 | D:1      | Reached XP level 1. HP: 23/23 MP: 4/4
   167 | D:1      | Reached XP level 2. HP: 26/29 MP: 5/5
   701 | D:2      | Reached XP level 3. HP: 29/35 MP: 7/7
   772 | D:2      | Reached skill level 1 in Invocations
  1041 | D:2      | Reached skill level 1 in Short Blades
  1041 | D:2      | Reached skill level 1 in Long Blades
  1041 | D:2      | Reached skill level 1 in Axes
  1041 | D:2      | Reached skill level 1 in Maces & Flails
  1041 | D:2      | Reached skill level 1 in Polearms
  1041 | D:2      | Reached skill level 1 in Slings
  1041 | D:2      | Reached skill level 1 in Bows
  1041 | D:2      | Reached skill level 1 in Crossbows
  1041 | D:2      | Reached skill level 1 in Armour
  1041 | D:2      | Reached skill level 1 in Shields
  1041 | D:2      | Reached skill level 1 in Unarmed Combat
  1041 | D:2      | Reached skill level 1 in Evocations
  1130 | D:2      | Reached XP level 4. HP: 24/41 MP: 8/8
  1479 | D:3      | Found an ornate altar of the Wu Jian Council.
  1492 | D:3      | Became a worshipper of the Wu Jian Council
  1522 | D:3      | Reached skill level 1 in Conjurations
  1522 | D:3      | Reached skill level 1 in Hexes
  1522 | D:3      | Reached skill level 1 in Charms
  1522 | D:3      | Reached skill level 1 in Summonings
  1522 | D:3      | Reached skill level 1 in Necromancy
  1522 | D:3      | Reached skill level 1 in Translocations
  1522 | D:3      | Reached skill level 1 in Transmutations
  1522 | D:3      | Reached skill level 1 in Ice Magic
  1522 | D:3      | Reached skill level 1 in Air Magic
  1522 | D:3      | Reached skill level 1 in Earth Magic
  1572 | D:3      | HP: 2/41 [adder (5)]
  1856 | D:3      | Reached XP level 5. HP: 34/47 MP: 9/9
  2197 | D:4      | Noticed a phantom
  2215 | D:4      | Found a glowing silver altar of Zin.
  2215 | D:4      | Found a bloodstained altar of Trog.
  2246 | D:5      | Entered Level 5 of the Dungeon
  2306 | D:5      | Noticed a phantom
  2346 | D:5      | Killed a phantom
  2748 | D:5      | Reached XP level 6. HP: 23/53 MP: 10/10
  2761 | D:5      | Slain by a bullfrog zombie

Skill      XL: |  1  2  3  4  5 |
---------------+----------------+-----
Fire Magic     | 2 |  2.5
Poison Magic   | 2 |  2.5
Invocations    | 1 2 |  2.0
Short Blades   | 1 |  1.7
Long Blades    | 1 |  1.7
Axes           | 1 |  1.7
Maces & Flails | 1 |  1.7
Polearms       | 1 |  1.7
Slings         | 1 |  1.7
Bows           | 1 |  1.7
Crossbows      | 1 |  1.7
Armour         | 1 |  1.7
Shields        | 1 |  1.7
Unarmed Combat | 1 |  1.7
Evocations     | 1 |  1.7
Spellcasting   | 3 |  3.3
Conjurations   | 1 |  1.3
Hexes          | 1 |  1.3
Charms         | 1 |  1.3
Summonings     | 1 |  1.3
Necromancy     | 1 |  1.3
Translocations | 1 |  1.3
Transmutations | 1 |  1.3
Ice Magic      | 1 |  1.3
Air Magic      | 1 |  1.3
Earth Magic    | 1 |  1.3
Staves         | 3 |  3.1
Throwing       | 3 |  3.1
Dodging        | 3 |  3.1
Fighting       | |  6.7
Stealth        | |  2.9

Action                   |  1- 3 |  4- 6 || total
-------------------------+-------+-------++-------
Melee: Quarterstaff      |    28 |       ||    28
       Bite              |     6 |     9 ||    15
       Dagger            |    35 |    94 ||   129
       War axe           |       |    22 ||    22
Throw: Tomahawk          |     4 |    11 ||    15
       Javelin           |       |     9 ||     9
Invok: Lunge             |       |     5 ||     5
  Use: Potion            |       |     3 ||     3
       Scroll            |       |     1 ||     1
 Stab: Sleeping          |     4 |       ||     4
  Eat: Chunk             |     1 |     2 ||     3
       Ration            |       |     1 ||     1
Armor: Robe              |     5 |    21 ||    26
Dodge: Dodged            |    47 |    96 ||   143
